 Dungeon Crawl Stone Soup version 0.13-a0-2417-g818e1a6 (webtiles) character file.

484 M4edhros the Sneak (level 6, 0/39 HPs)
             Began as an Octopode Artificer on July 17, 2013.
             Slain by an orc
             ... wielding a cursed -2,+1 orcish trident
              (2 damage)
             ... on Level 4 of the Dungeon.
             The game lasted 00:04:18 (3034 turns).

M4edhros the Sneak (Octopode Artificer)             Turns: 3034, Time: 00:04:18

HP   0/39        AC  1     Str 10      XL: 6   Next: 10%
MP   9/9         EV 12     Int 17      God:
Gold 239         SH  0     Dex 12      Spells:  0 memorised,  5 levels left

Res.Fire  : . . .   See Invis. : .   a - +0 short sword
Res.Cold  : . . .   Warding    : .   (no shield)
Life Prot.: . . .   Conserve   : .   (helmet restricted)
Res.Poison: .       Res.Corr.  : .   (no amulet)
Res.Elec. : .       Clarity    : .   (no ring)
Sust.Abil.: . .     Spirit.Shd : .   (no ring)
Res.Mut.  : .       Stasis     : .   (no ring)
Res.Rott. : .       Flight     : .   (no ring)
Saprovore : . . .                    (no ring)
                                     (no ring)
                                     (no ring)
                                     (no ring)

@: slightly resistant to hostile enchantments, very stealthy
A: almost no armour, amphibious, 8 rings, constrict 8, camouflage 1, AC +1
a: no special abilities


You were on level 4 of the Dungeon.
You were not hungry.

You visited 1 branch of the dungeon, and saw 4 of its levels.

You collected 219 gold pieces.

Inventory:

Hand weapons
 a - a +0,+0 short sword (weapon)
Missiles
 i - 12 poisoned sling bullets
Magical devices
 b - a wand of flame (12)
 c - a wand of enslavement (4)
 d - a wand of random effects (15)
Comestibles
 f - 2 bread rations
 p - 2 chunks of worm flesh
Scrolls
 g - a scroll of blinking
 j - a scroll of remove curse
 k - a scroll of curse jewellery {unknown}
 l - 3 scrolls of curse armour {unknown}
 m - a scroll of enchant weapon I
 n - a scroll of magic mapping {unknown}
 o - 2 scrolls of identify
 q - a scroll of noise {unknown}
Jewellery
 r - a +2 ring of protection {unknown}
Potions
 e - a potion of confusion {unknown}
 s - a potion of heal wounds


   Skills:
 - Level 1.0 Fighting
 + Level 3.5 Short Blades
 - Level 2.0 Dodging
 * Level 6.8 Stealth
 - Level 2.1 Traps
 - Level 3.2 Evocations


You had 5 spell levels left.
You didn't know any spells.

Dungeon Overview and Level Annotations

Branches:
Dungeon (4/27)
 Temple: D:4-7

Altars:


Innate Abilities, Weirdness & Mutations

You cannot wear most types of armour.
You are amphibious.
You can wear up to eight rings at the same time.
You can use your tentacles to constrict many enemies at once.
Your skin changes colour to match your surroundings (Stlth).
Your rubbery body absorbs attacks (AC +1).


Message History

You constrict the worker ant. The worker ant closely misses you.
You hit the worker ant.
The worker ant is moderately wounded.
You constrict the worker ant, but do no damage.
The orc hits you from afar with an orcish trident.
The worker ant barely misses you.
You hit the worker ant.
The worker ant is heavily wounded.
You constrict the worker ant. The orc closely misses you.
The worker ant completely misses you.
Drink which item? (? for menu, Esc to quit)
You feel better.
You constrict the worker ant. The worker ant bites you!
The orc hits you from afar with an orcish trident.
* * * LOW HITPOINT WARNING * * *
You hit the worker ant.
The worker ant is severely wounded.
You constrict the worker ant. The worker ant bites you!
* * * LOW HITPOINT WARNING * * *
The orc hits you from afar with an orcish trident.
You die...

........................##
.........................##
..........................##
...........................#
...............(...........#
...............(...........#
...... ....................#
.......)...........#
........@.o........#
........a..........#
.............(....#
..................#
.>...............>#
................>#
...............>#
............... ......ao...


You could see a worker ant and an orc.

Vanquished Creatures
  An orc priest (D:3)
  3 orc wizards
  4 gnolls (D:2)
  5 adders
  3 worms
  A giant mite (D:1)
  A giant eyeball (D:4)
  6 orcs
  A ball python (D:1)
  4 bats
  5 giant cockroaches
  6 goblins
  7 hobgoblins
  8 jackals
  5 kobolds
  4 giant geckos
  2 giant newts
  2 giant newt skeletons (D:4)
  A kobold zombie (D:3)
  5 rats
74 creatures vanquished.

Vanquished Creatures (collateral kills)
  An orc wizard (D:4)
  An orc priest (D:4)
  2 orcs
  A giant gecko (D:3)
  A giant newt (D:3)
6 creatures vanquished.

Vanquished Creatures (others)
  A jackal (D:2)
1 creature vanquished.

Grand Total: 81 creatures vanquished

Notes
Turn   | Place    | Note
--------------------------------------------------------------
     0 | D:1      | M4edhros, the Octopode Artificer, began the quest for the Orb.
     0 | D:1      | Reached XP level 1. HP: 14/14 MP: 1/1
   153 | D:1      | Reached XP level 2. HP: 17/19 MP: 3/3
   592 | D:1      | Reached XP level 3. HP: 21/24 MP: 4/4
   860 | D:2      | Reached skill level 4 in Stealth
  1306 | D:2      | Reached XP level 4. HP: 4/29 MP: 6/6
  1699 | D:2      | Reached skill level 5 in Stealth
  2143 | D:3      | Reached XP level 5. HP: 34/34 MP: 7/7
  2278 | D:3      | HP: 1/34 [orc wizard/puff of flame (10)]
  2744 | D:3      | Reached skill level 6 in Stealth
  2865 | D:4      | HP: 1/34 [orc priest/divine providence (11)]
  2890 | D:4      | Reached XP level 6. HP: 28/39 MP: 9/9
  3034 | D:4      | Slain by an orc

Action                   |  1- 3 |  4- 6 || total
-------------------------+-------+-------++-------
Melee: Short sword       |    58 |   106 ||   164
Evoke: Wand              |     4 |    10 ||    14
  Use: Potion            |       |     3 ||     3
       Scroll            |       |     7 ||     7
 Stab: Sleeping          |     7 |     6 ||    13
       Distracted        |       |     1 ||     1
